 Dungeon Crawl Stone Soup version 0.28-a0-653-g7e9dba17c3 (webtiles) character file.

Game seed: 15325685937891249796

7319 ytrimaz the Basher (level 10, -4/97 HPs)
             Began as a Minotaur Berserker on Oct 11, 2021.
             Was a High Priest of Trog.
             Engulfed by a cloud of steam (6 damage)
             ... on level 9 of the Dungeon.
             The game lasted 00:13:52 (10685 turns).

ytrimaz the Basher (Minotaur Berserker)            Turns: 10685, Time: 00:13:52

Health: -4/97      AC: 11    Str: 25    XL:     10   Next: 90%
Magic:  9/9        EV: 11    Int: 14    God:    Trog [*****.]
Gold:   383        SH:  0    Dex: 13    Spells: 9/9 levels left

rFire   . . .      SeeInvis .   C - +0 morningstar (vorpal)
rCold   . . .      Faith    .   (no shield)
rNeg    + . .      Spirit   .   w - +0 scale mail of Defiance {rPois Int+4 Dex+3 Slay+3}
rPois   +          Reflect  .   (helmet restricted)
rElec   .          Harm     .   (no cloak)
rCorr   .          Rampage  .   k - +2 pair of gloves
Will    ++...                   (no boots)
Stlth   ..........              (no amulet)
HPRegen 1.26/turn               x - ring of positive energy
MPRegen 0.11/turn               A - +6 ring of intelligence

@: strong-willed (expiring), on berserk cooldown, regenerating (expiring),
slowed, very slow
A: horns 2, retaliatory headbutt
a: Renounce Religion, Berserk, Trog's Hand, Brothers in Arms


You were on level 9 of the Dungeon.
You worshipped Trog.
Trog was extremely pleased with you.
You visited 1 branch of the dungeon, and saw 9 of its levels.
You also visited: Ossuary.

You collected 383 gold pieces.

Inventory:

Hand Weapons
 o - a +1 dire flail
 y - a +5 flail
 C - a +0 vorpal morningstar (weapon)
Armour
 k - a +2 pair of gloves (worn)
 p - a +2 robe of willpower
 q - a +0 buckler of cold resistance
 w - the +0 scale mail of Defiance (worn) {rPois Int+4 Dex+3 Slay+3}
   (You found it on level 6 of the Dungeon)

   Int:       It affects your intelligence (+4).
   Dex:       It affects your dexterity (+3).
   Slay:      It affects your accuracy & damage with ranged weapons and melee
   (+3).
   rPois:     It protects you from poison.
 D - +0 swamp dragon scales
Jewellery
 x - a ring of positive energy (left hand)
 A - a +6 ring of intelligence (right hand)
Wands
 h - a wand of paralysis (2)
 i - a wand of flame (16)
 n - a wand of digging (7)
 v - a wand of acid (10)
Scrolls
 c - 3 scrolls of identify
 d - 7 scrolls of teleportation
 f - a scroll of enchant weapon
 g - 2 scrolls of enchant armour
 t - a scroll of magic mapping
 z - 2 scrolls of fog
Potions
 a - 4 potions of curing
 b - 2 potions of invisibility
 e - 3 potions of haste
 j - a potion of attraction
 l - a potion of cancellation
 m - 2 potions of resistance
 r - a potion of lignification {unknown}
 s - a potion of flight {unknown}
 u - a potion of heal wounds {unknown}
 B - a potion of mutation {unknown}


   Skills:
 * Level 11.8 Fighting
 - Level 4.4(9.9) Axes
 - Level 13.7(14.0) Maces & Flails
 + Level 9.2 Armour
 - Level 2.1 Dodging


You had 9 spell levels left.
You didn't know any spells.
Your spell library was empty.

Dungeon Overview and Level Annotations

Branches:
Dungeon (9/15)             Temple (0/1) D:5            Lair (0/6) D:9
Ossuary (visited)
    Orc: D:9-12

Altars:
Ashenzari
Makhleb
Qazlal
Ru
Trog
Vehumet
Zin

Shops:
D:2 (((

Annotations:
D:6 3 runed translucent doors, AttackTheMoon's ghost, novice VSTm


Innate Abilities, Weirdness & Mutations

You have a pair of horns on your head.
You reflexively headbutt those who attack you in melee.


Message History

* * * LOW HITPOINT WARNING * * *
You are no longer berserk.
You are exhausted.
You feel yourself slow down.
The steam dragon bites you but does no damage.
The steam dragon claws you but does no damage.
The orc priest is engulfed in a cloud of scalding steam.
The orc priest hits you with a +0 short sword.
* * * LOW HITPOINT WARNING * * *
Things that are here:
a +0 mace; a +0 chain mail; an orc corpse You puncture the orc priest!
You kill the orc priest!
Trog accepts your kill.
You are engulfed in a cloud of scalding steam.
* * * LOW HITPOINT WARNING * * *
The steam dragon misses you. The steam dragon claws you.
* * * LOW HITPOINT WARNING * * *
You feel better.
You are engulfed in a cloud of scalding steam.
The steam dragon bites you but does no damage.
The steam dragon barely misses you. The steam dragon bites you.
* * * LOW HITPOINT WARNING * * *
The steam dragon barely misses you.
You closely miss the steam dragon. The steam dragon bites you.
* * * LOW HITPOINT WARNING * * *
The steam dragon misses you.
You puncture the steam dragon! Your headbutt misses the steam dragon.
The steam dragon is severely wounded.
You feel the effects of Trog's Hand fading.
The steam dragon breathes steam at you. The ball of steam hits you!
* * * LOW HITPOINT WARNING * * *
Unknown command.
You impale the steam dragon!!
You kill the steam dragon!
Trog accepts your kill.
The steam dragon scales are intact enough to wear.
You are engulfed in a cloud of scalding steam.
You die...

#.####.#######
#....._....
#.............
..#...††..#
######.#######
..#..†....# #####...#
#.##.....## #.....†.#
#)####.#### #...##...####
#.......... .........)))#
............
#...#####†).#
#######...## ##. #.#@#
##.... # #...[)# ####.
#.....?.. #. #...P......
##. ............ ##..
......>.......########...
....)..............))...(
...........###.#####.)..
#...(


There were no monsters in sight!

Vanquished Creatures
  Maggie (D:8)
  A hornet (D:9)
  A wraith (Ossuary)
  2 wyverns
  Sigmund (D:6)
  16 yaks
  2 steam dragons
  3 wargs (D:9)
  Menkaure (D:5)
  2 water moccasins
  An orc warrior (D:6)
  2 ice beasts (D:7)
  2 ogres (D:4)
  A phantom (D:6)
  A centaur (D:5)
  Blork the orc (D:4)
  A kobold brigand (D:9)
  3 bullfrogs
  A gnoll sergeant (D:6)
  3 scorpions
  A water moccasin zombie (D:7)
  6 killer bees (D:9)
  11 wights
  An electric eel (D:7)
  6 howler monkeys
  3 hounds
  A centaur zombie (D:6)
  2 jellies
  A centaur skeleton (D:6)
  7 orc priests
  Ijyb (D:4)
  Natasha (thrice) (D:4)
  2 iguanas
  8 orc wizards
  2 hound zombies (D:5)
  A mummy (Ossuary)
  A howler monkey zombie (D:7)
  3 adders (D:6)
  A shadow imp (D:7)
  3 white imps
  3 adder skeletons (D:4)
  4 worms
  3 dart slugs
  21 orcs
  5 ball pythons
  5 bats
  9 endoplasms
  4 giant cockroaches
  7 goblins
  4 hobgoblins
  A jackal (D:7)
  14 kobolds
  4 quokkas
  5 frilled lizards
  4 gnoll skeletons (Ossuary)
  5 kobold skeletons (Ossuary)
  16 orc skeletons (Ossuary)
  6 rats
230 creatures vanquished.

Vanquished Creatures (others)
  4 plants (D:4)
4 creatures vanquished.

Grand Total: 234 creatures vanquished

Notes
Turn   | Place    | Note
-------+----------+-------------------------------------------
     0 | D:1      | ytrimaz the Minotaur Berserker began the quest for the Orb.
     0 | D:1      | Reached XP level 1. HP: 19/19 MP: 0/0
   169 | D:1      | Reached XP level 2. HP: 24/27 MP: 1/1
  1227 | D:2      | Reached XP level 3. HP: 30/34 MP: 2/2
  1324 | D:2      | Found Ewuiluda's Weapon Shop.
  1335 | D:2      | Found Gume's Weapon Boutique.
  1505 | D:2      | Reached skill level 1 in Maces & Flails
  1505 | D:2      | Reached XP level 4. HP: 16/41 MP: 3/3
  1989 | D:2      | Reached skill level 5 in Fighting
  1997 | D:2      | Found Guhatu Ujol's Weapon Emporium.
  2194 | D:3      | Reached ** piety under Trog
  2627 | D:3      | Reached XP level 5. HP: 43/48 MP: 4/4
  2803 | D:3      | Found a radiant altar of Vehumet.
  3013 | D:3      | Reached skill level 2 in Maces & Flails
  3287 | D:4      | Noticed Blork the orc
  3299 | D:4      | Killed Blork the orc
  3333 | D:4      | Noticed an ogre
  3341 | D:4      | Killed an ogre
  3342 | D:4      | Reached skill level 3 in Maces & Flails
  3342 | D:4      | Reached XP level 6. HP: 8/57 MP: 5/5
  3637 | D:4      | Noticed Ijyb
  3642 | D:4      | Paralysed by Ijyb for 3 turns
  3649 | D:4      | Paralysed by Ijyb for 4 turns
  3655 | D:4      | Killed Ijyb
  3703 | D:4      | Noticed Natasha
  3711 | D:4      | Killed Natasha
  3712 | D:4      | Reached skill level 4 in Maces & Flails
  3898 | D:4      | Found a glowing silver altar of Zin.
  3898 | D:4      | Noticed an angel
  3996 | D:4      | Noticed Natasha
  3999 | D:4      | Killed Natasha
  4391 | D:4      | Reached skill level 5 in Maces & Flails
  4391 | D:4      | Reached skill level 5 in Armour
  4391 | D:4      | Reached XP level 7. HP: 44/63 MP: 6/6
  4789 | D:4      | Noticed Natasha
  4793 | D:4      | Killed Natasha
  4793 | D:4      | Reached *** piety under Trog
  4912 | D:5      | Entered Level 5 of the Dungeon
  4965 | D:5      | Found a staircase to the Ecumenical Temple.
  5026 | D:5      | Reached skill level 6 in Maces & Flails
  5325 | D:5      | Noticed Menkaure
  5333 | D:5      | Killed Menkaure
  5334 | D:5      | Reached skill level 7 in Maces & Flails
  5370 | D:5      | Reached XP level 8. HP: 41/73 MP: 7/7
  5474 | D:5      | Found a sand-covered staircase.
  5479 | Ossuary  | Entered an ossuary
  5627 | Ossuary  | Reached skill level 8 in Maces & Flails
  6271 | D:6      | Noticed Sigmund
  6281 | D:6      | Killed Sigmund
  6281 | D:6      | Reached **** piety under Trog
  6461 | D:6      | Reached skill level 9 in Maces & Flails
  6623 | D:6      | Found a broken altar of Ashenzari.
  6651 | D:6      | Reached skill level 10 in Maces & Flails
  6652 | D:6      | Reached XP level 9. HP: 46/81 MP: 8/8
  6664 | D:6      | Reached skill level 11 in Maces & Flails
  7208 | D:6      | Identified the +0 scale mail of Defiance {rPois Int+4 Dex+3
                  | Slay+3}
  7308 | D:6      | Found a runed translucent gate.
  7324 | D:6      | Found a runed translucent gate.
  7324 | D:6      | Found a runed translucent gate.
  7328 | D:6      | Noticed AttackTheMoon's ghost (novice VSTm)
  7513 | D:6      | Identified the -2 tower shield of Cocytus {rF++ Regen+
                  | Slay-4 SInv}
  8204 | D:7      | Reached skill level 12 in Maces & Flails
  8264 | D:7      | Reached XP level 10. HP: 91/92 MP: 9/9
  8280 | D:7      | Found a sacrificial altar of Ru.
  8385 | D:7      | Reached ***** piety under Trog
  8388 | D:7      | Found a bloodstained altar of Trog.
  8739 | D:8      | Found a burning altar of Makhleb.
  8932 | D:8      | Reached skill level 13 in Maces & Flails
  8937 | D:8      | Reached skill level 10 in Fighting
  9523 | D:8      | Noticed Maggie
  9532 | D:8      | Killed Maggie
 10414 | D:9      | Received a gift from Trog
 10441 | D:9      | Found a stormy altar of Qazlal.
 10655 | D:9      | Found a staircase to the Lair.
 10684 | D:9      | HP: 2/97 [steam dragon/ball of steam (17)]
 10685 | D:9      | Engulfed by a cloud of steam

Illustrated notes

Levels and vault maps discovered:
D:1:      eino_arrival_tree_alley, layout_basic, minmay_misc_feat_rows
D:2:      layout_rooms, serial_shops, shop, shop, shop, minmay_pentomino_t2
D:3:      layout_loops_corners, nicolae_vehumet_altar_sigil
D:4:      layout_loops_ring, zin_angel, serial_bayou_pond_a,
          minmay_misc_feat_four_crosses, corexii_shack, uniq_natasha, uniq_ijyb,
          uniq_blork_the_orc
D:5:      layout_gridville, minmay_temple_entry_enclosed_plants,
          enter_ossuary_5, minmay_strange_pillars, uniq_menkaure
D:6:      kennysheep_spiral_hall, layout_cave_pools, ashenzari_altar_1,
          ebering_ghost_rock_garden, minmay_misc_feat_x, grunt_ministairs_6,
          uniq_sigmund
D:7:      layout_basic, nicolae_ru_great_annihilating_truth, kennysheep_mini,
          st_stairs_5, minmay_crystal_water
D:8:      layout_layer_cave, bloody_makhleb, uniq_maggie
D:9:      layout_loops_ring, old_standard_altar, erik_lair_orcish_takeover

Skill      XL: |  1  2  3  4  5  6  7  8  9 10 |
---------------+-------------------------------+-----
Fighting       | 4 5 6 7 8 9 11 | 11.8
Axes           | 4 |  4.4
Maces & Flails | 1 3 5 7 10 12 13 | 13.7
Armour         | 3 4 5 6 7 9 |  9.2
Dodging        | |  2.1

Action                   |  1- 3 |  4- 6 |  7- 9 | 10-12 || total
-------------------------+-------+-------+-------+-------++-------
Melee: Hand axe          |    56 |       |       |       ||    56
       Headbutt          |    10 |    28 |    59 |    26 ||   123
       Club              |    14 |    74 |       |       ||    88
       Dire flail        |       |    64 |   218 |    67 ||   349
       Morningstar       |       |       |       |    59 ||    59
Invok: Berserk           |       |     2 |     3 |     1 ||     6
       Trog's Hand       |       |     1 |       |     1 ||     2
  Use: Potion            |       |     1 |       |     1 ||     2
       Scroll            |       |       |    16 |     1 ||    17
 Stab: Paralysed         |       |       |       |     1 ||     1
Armor: Animal skin       |     4 |       |       |       ||     4
       Leather armour    |    15 |     1 |       |       ||    16
       Ring mail         |       |    64 |    98 |       ||   162
       Scale mail        |       |       |     9 |    45 ||    54
Dodge: Dodged            |    38 |    75 |   122 |    83 ||   318

Table legend: (Time is in decaauts)
 A = Elapsed time spent in this place.
 B = Non-inter-level travel time spent in this place.
 C = Inter-level travel time spent in this place.
 D = Time resting spent in this place.
 E = Time spent auto-exploring this place.
 F = Levels seen in this place.
 G = Mean time per level.
                   A        B        C        D        E       F      G
               +--------+--------+--------+--------+--------+-----+--------+
         Total |  10690 |  10251 |    439 |   1627 |   6800 |  10 | 1069.0 |
       Dungeon |  10505 |  10066 |    439 |   1627 |   6800 |   9 | 1167.2 |
       Ossuary |    184 |    184 |      0 |      0 |      0 |   1 |  184.0 |
               +--------+--------+--------+--------+--------+-----+--------+

Top non-repeatable levels by time:
     D:4: 1645 daAuts
     D:8: 1543 daAuts
     D:6: 1309 daAuts
     D:1: 1243 daAuts
     D:5: 1181 daAuts
     D:3: 1127 daAuts
     D:7: 1123 daAuts
     D:2: 942 daAuts
     D:9: 389 daAuts
 Ossuary: 184 daAuts
